General information
- name: BNet
- type: Ladder team game (AT/RT)
- host: Battle.net
- saver: Llathandas
map: Slalom
- players: 8
- length: 35:27
- speed: Fast
- version: 1.26 W3XP
- replay type: Public
» download(254 KB)
Players
team 1 (loser)
Yodasodamasta08 (
pink | 41 APM | 1456 actions | 35:11)
8 Priestess of the Moon
3 Trueshot Aura
3 Searing Arrows
1 Starfall
1 Scout
» actions
| Assign group hotkey | 39 | |
| Basic commands | 1 | |
| Build / train | 102 | |
| Enter build submenu | 25 | |
| Enter hero's abilities submenu | 8 | |
| Right click | 668 | |
| Select / deselect | 402 | |
| Select group hotkey | 157 | |
| Use ability | 53 | |
1456 total
» units
| Wisp | 39 | |
| Archer | 10 | |
| Hippogryph | 21 | |
| Glaive Thrower | 2 | |
72 total
» upgrades
| Ultravision | 1 | |
| Strength of the Moon | 3 | |
| Improved Bows | 1 | |
| Moon Armor | 3 | |
| Hippogryph Taming | 1 | |
| Marksmanship | 1 | |
| Well Spring | 1 | |
| Strength of the Wild | 2 | |
| Reinforced Hides | 1 | |
14 total
» buildings
| Altar of Elders | 2 | |
| Moon Well | 7 | |
| Ancient of War | 3 | |
| Tree of Ages | 3 | |
| Hunter's Hall | 1 | |
| Ancient of Wind | 3 | |
| Tree of Eternity | 1 | |
| Tree of Life | 4 | |
| Ancient of Wonders | 1 | |
25 total
» build order
00:56 Altar of Elders
01:02 Moon Well
01:39 Moon Well
01:51 Ancient of War
04:40 Tree of Ages
04:41 Tree of Ages
05:28 Ancient of War
05:34 Moon Well
06:01 Hunter's Hall
06:12 Moon Well
08:06 Ancient of Wind
08:08 Ancient of Wind
08:11 Tree of Eternity
08:19 Tree of Life
12:12 Moon Well
13:09 Moon Well
14:02 Moon Well
14:30 Tree of Life
18:41 Tree of Life
18:57 Ancient of Wonders
21:57 Ancient of War
23:44 Tree of Ages
26:24 Ancient of Wind
30:03 Tree of Life
34:05 Altar of Elders
» items
| Orb of Lightning | 2 | |
| Scroll of Town Portal | 1 | |
3 total
GavinradTheDire (
yellow | 44 APM | 1560 actions | 35:05)
9 Demon Hunter
3 Mana Burn
2 Evasion
1 Metamorphosis
3 Immolation
» actions
| Assign group hotkey | 14 | |
| Basic commands | 35 | |
| Build / train | 86 | |
| Enter build submenu | 19 | |
| Enter hero's abilities submenu | 8 | |
| Give item / drop item | 2 | |
| Remove unit from queue | 10 | |
| Right click | 961 | |
| Select / deselect | 300 | |
| Select group hotkey | 73 | |
| Use ability | 52 | |
1560 total
» units
| Wisp | 15 | |
| Archer | 4 | |
| Dryad | 20 | |
| Hippogryph | 17 | |
56 total
» upgrades
| Strength of the Wild | 3 | |
| Reinforced Hides | 3 | |
| Abolish Magic | 1 | |
7 total
» buildings
| Altar of Elders | 1 | |
| Moon Well | 7 | |
| Ancient of War | 1 | |
| Tree of Ages | 1 | |
| Hunter's Hall | 1 | |
| Ancient of Wonders | 1 | |
| Ancient of Lore | 2 | |
| Ancient of Wind | 1 | |
| Tree of Eternity | 1 | |
| Ancient Protector | 2 | |
| Tree of Life | 1 | |
19 total
» build order
00:12 Altar of Elders
00:23 Moon Well
01:01 Ancient of War
01:45 Moon Well
02:39 Moon Well
03:35 Moon Well
03:42 Tree of Ages
03:50 Hunter's Hall
04:35 Moon Well
05:23 Ancient of Wonders
05:38 Moon Well
06:13 Ancient of Lore
06:25 Ancient of Lore
07:35 Moon Well
08:47 Ancient of Wind
14:20 Tree of Eternity
17:14 Ancient Protector
17:20 Ancient Protector
24:06 Tree of Life
» items
| Potion of Healing | 1 | |
| Scroll of Town Portal | 1 | |
2 total
DontBeAPooHole (
teal | 50 APM | 1758 actions | 35:26)
10 Blademaster
3 Critical Strike
3 Wind Walk
3 Mirror Image
1 Bladestorm
» actions
| Assign group hotkey | 24 | |
| Basic commands | 287 | |
| Build / train | 78 | |
| ESC pressed | 2 | |
| Enter build submenu | 23 | |
| Enter hero's abilities submenu | 10 | |
| Give item / drop item | 3 | |
| Right click | 253 | |
| Select / deselect | 268 | |
| Select group hotkey | 713 | |
| Use ability | 97 | |
1758 total
» units
| Peon | 19 | |
| Grunt | 4 | |
| Tauren | 10 | |
| Troll Witch Doctor | 6 | |
| Shaman | 5 | |
44 total
» upgrades
| Armor | 3 | |
| Melee Weapons | 3 | |
| Witch Doctor Training | 2 | |
| Shaman Training | 2 | |
| Pulverize | 1 | |
11 total
» buildings
| Altar of Storms | 1 | |
| Orc Burrow | 8 | |
| Barracks | 2 | |
| War Mill | 1 | |
| Voodoo Lounge | 1 | |
| Stronghold | 1 | |
| Great Hall | 4 | |
| Watch Tower | 4 | |
| Fortress | 1 | |
| Spirit Lodge | 2 | |
| Tauren Totem | 2 | |
27 total
» build order
00:08 Altar of Storms
00:23 Orc Burrow
01:05 Barracks
01:29 Orc Burrow
01:48 War Mill
02:25 Voodoo Lounge
03:51 Orc Burrow
04:39 Stronghold
05:35 Great Hall
05:46 Great Hall
07:50 Watch Tower
07:51 Watch Tower
07:52 Watch Tower
07:53 Watch Tower
08:02 Fortress
08:04 Spirit Lodge
08:09 Orc Burrow
08:13 Spirit Lodge
10:36 Tauren Totem
10:56 Barracks
11:04 Tauren Totem
12:04 Orc Burrow
12:05 Orc Burrow
12:05 Orc Burrow
19:36 Orc Burrow
28:11 Great Hall
31:32 Great Hall
» items
| Healing Salve | 2 | |
| Scroll of Speed | 3 | |
| Scroll of Town Portal | 4 | |
| Orb of Lightning | 1 | |
10 total
toaster6350 (
orange | 28 APM | 990 actions | 35:20)
8 Blademaster
3 Wind Walk
3 Mirror Image
1 Critical Strike
1 Bladestorm
» actions
| Assign group hotkey | 19 | |
| Build / train | 75 | |
| Enter build submenu | 36 | |
| Enter hero's abilities submenu | 8 | |
| Remove unit from queue | 1 | |
| Right click | 359 | |
| Select / deselect | 351 | |
| Select group hotkey | 99 | |
| Use ability | 41 | |
990 total
» units
| Peon | 14 | |
| Grunt | 2 | |
| Troll Headhunter/Berserker | 19 | |
| Shaman | 7 | |
| Troll Batrider | 10 | |
52 total
» upgrades
| Ranged Weapons | 3 | |
| Armor | 2 | |
| Shaman Training | 2 | |
| Troll Regeneration | 1 | |
| Berserker Upgrade | 1 | |
| Reinforced Defenses | 1 | |
10 total
» buildings
| Altar of Storms | 1 | |
| Orc Burrow | 8 | |
| Barracks | 3 | |
| War Mill | 1 | |
| Stronghold | 1 | |
| Voodoo Lounge | 1 | |
| Watch Tower | 8 | |
| Spirit Lodge | 1 | |
| Fortress | 1 | |
| Great Hall | 3 | |
| Beastiary | 1 | |
29 total
» build order
00:08 Altar of Storms
00:13 Orc Burrow
00:38 Barracks
01:46 Orc Burrow
01:52 Orc Burrow
03:12 War Mill
03:59 Stronghold
04:06 Orc Burrow
04:28 Voodoo Lounge
05:10 Orc Burrow
05:46 Watch Tower
06:28 Spirit Lodge
07:07 Orc Burrow
07:10 Fortress
08:19 Barracks
08:25 Barracks
09:38 Great Hall
12:26 Orc Burrow
14:05 Orc Burrow
20:17 Great Hall
23:03 Watch Tower
23:08 Watch Tower
23:39 Watch Tower
24:11 Watch Tower
24:16 Watch Tower
25:22 Watch Tower
25:51 Watch Tower
26:39 Beastiary
29:18 Great Hall
» items
team 2 (winner)

»
Smile (
purple | 61 APM | 2165 actions | 35:27)
8 Keeper of the Grove
3 Entangling Roots
3 Thorns Aura
2 Tranquility
» actions
| Assign group hotkey | 33 | |
| Basic commands | 22 | |
| Build / train | 86 | |
| ESC pressed | 1 | |
| Enter build submenu | 32 | |
| Enter hero's abilities submenu | 8 | |
| Remove unit from queue | 1 | |
| Right click | 1197 | |
| Select / deselect | 340 | |
| Select group hotkey | 357 | |
| Use ability | 88 | |
2165 total
» units
| Wisp | 31 | |
| Archer | 6 | |
| Hippogryph | 11 | |
| Chimaera | 14 | |
62 total
» upgrades
| Strength of the Wild | 3 | |
| Reinforced Hides | 3 | |
| Corrosive Breath | 1 | |
| Ultravision | 1 | |
| Well Spring | 1 | |
9 total
» buildings
| Altar of Elders | 1 | |
| Moon Well | 10 | |
| Ancient of War | 1 | |
| Tree of Ages | 3 | |
| Tree of Life | 3 | |
| Tree of Eternity | 1 | |
| Ancient of Wind | 1 | |
| Hunter's Hall | 2 | |
| Chimaera Roost | 3 | |
| Ancient Protector | 3 | |
28 total
» build order
00:16 Altar of Elders
00:20 Moon Well
00:33 Ancient of War
01:50 Moon Well
02:11 Moon Well
03:30 Tree of Ages
03:30 Tree of Ages
03:31 Tree of Ages
03:57 Tree of Life
04:09 Tree of Life
04:36 Moon Well
05:38 Moon Well
06:23 Tree of Eternity
06:38 Ancient of Wind
08:05 Hunter's Hall
08:20 Moon Well
08:46 Chimaera Roost
08:47 Chimaera Roost
08:48 Chimaera Roost
09:09 Moon Well
09:11 Moon Well
10:05 Ancient Protector
10:51 Moon Well
11:15 Hunter's Hall
11:34 Ancient Protector
11:40 Ancient Protector
11:45 Moon Well
23:47 Tree of Life
mymombeatsme (
green | 32 APM | 1130 actions | 35:27)
5 Dreadlord
3 Sleep
2 Vampiric Aura
3 Death Knight
2 Death Coil
1 Unholy Aura
» actions
| Build / train | 85 | |
| Enter build submenu | 28 | |
| Enter hero's abilities submenu | 8 | |
| Give item / drop item | 2 | |
| Remove unit from queue | 3 | |
| Right click | 623 | |
| Select / deselect | 330 | |
| Use ability | 51 | |
1130 total
» units
| Acolyte | 9 | |
| Ghoul | 4 | |
| Crypt Fiend | 16 | |
| Necromancer | 12 | |
| Abomination | 7 | |
48 total
» upgrades
| Creature Attack | 3 | |
| Creature Carapace | 2 | |
| Web | 1 | |
| Necromancer Training | 1 | |
| Destroyer Form | 1 | |
| Skeletal Longevity | 1 | |
| Burrow | 1 | |
| Unholy Strength | 2 | |
| Disease Cloud | 1 | |
| Unholy Armor | 1 | |
| Cannibalize | 1 | |
15 total
» buildings
| Altar of Darkness | 1 | |
| Ziggurat | 13 | |
| Crypt | 2 | |
| Graveyard | 1 | |
| Tomb of Relics | 1 | |
| Halls of the Dead | 1 | |
| Nerubian Tower | 1 | |
| Necropolis | 1 | |
| Black Citadel | 1 | |
| Temple of the Damned | 1 | |
| Slaughterhouse | 1 | |
| Spirit Tower | 3 | |
27 total
» build order
01:48 Altar of Darkness
01:51 Ziggurat
01:54 Crypt
01:58 Graveyard
02:19 Ziggurat
02:39 Tomb of Relics
03:30 Ziggurat
04:08 Crypt
04:19 Ziggurat
06:54 Halls of the Dead
07:06 Nerubian Tower
08:37 Necropolis
08:48 Ziggurat
09:34 Black Citadel
12:04 Ziggurat
12:10 Ziggurat
12:59 Temple of the Damned
13:05 Slaughterhouse
13:17 Ziggurat
13:20 Ziggurat
13:24 Spirit Tower
14:17 Spirit Tower
17:35 Ziggurat
17:44 Spirit Tower
17:58 Ziggurat
24:30 Ziggurat
28:13 Ziggurat
» items
| Potion of Healing | 1 | |
| Scroll of Healing | 1 | |
| Scroll of Town Portal | 2 | |
4 total

»
twinkilla (
blue | 64 APM | 2266 actions | 35:27)
5 Pit Lord
2 Rain of Fire
3 Cleaving Attack
5 Firelord
2 Summon Lava Spawn
3 Incinerate
» actions
| Assign group hotkey | 24 | |
| Basic commands | 17 | |
| Build / train | 82 | |
| ESC pressed | 4 | |
| Enter build submenu | 25 | |
| Enter hero's abilities submenu | 10 | |
| Give item / drop item | 5 | |
| Remove unit from queue | 5 | |
| Right click | 887 | |
| Select / deselect | 760 | |
| Select group hotkey | 340 | |
| Use ability | 107 | |
2266 total
» units
| Wisp | 27 | |
| Druid of the Claw | 21 | |
48 total
» upgrades
| Strength of the Wild | 3 | |
| Druid of the Claw Training | 2 | |
| Reinforced Hides | 3 | |
| Mark of the Claw | 1 | |
| Well Spring | 1 | |
10 total
» buildings
| Altar of Elders | 1 | |
| Moon Well | 9 | |
| Tree of Ages | 1 | |
| Tree of Life | 6 | |
| Hunter's Hall | 1 | |
| Ancient of Lore | 2 | |
| Ancient Protector | 3 | |
| Tree of Eternity | 1 | |
| Ancient of Wonders | 1 | |
25 total
» build order
00:26 Altar of Elders
00:30 Moon Well
01:23 Moon Well
01:54 Moon Well
02:24 Tree of Ages
03:30 Tree of Life
04:11 Hunter's Hall
04:15 Moon Well
05:21 Ancient of Lore
05:25 Ancient of Lore
07:22 Ancient Protector
08:47 Ancient Protector
09:03 Tree of Eternity
09:56 Ancient Protector
10:53 Moon Well
10:55 Moon Well
11:46 Ancient of Wonders
11:52 Moon Well
11:55 Moon Well
16:17 Moon Well
19:22 Tree of Life
22:09 Tree of Life
23:54 Tree of Life
29:31 Tree of Life
34:09 Tree of Life
» items
| Orb of Venom | 2 | |
| Orb of Corruption | 1 | |
| Scroll of Town Portal | 2 | |
5 total
Llathandas (
red | 100 APM | 3547 actions | 35:27)
10 Blood Mage
3 Flame Strike
3 Siphon Mana
1 Summon Phoenix
3 Banish
» actions
| Assign group hotkey | 44 | |
| Basic commands | 125 | |
| Build / train | 154 | |
| ESC pressed | 3 | |
| Enter build submenu | 38 | |
| Enter hero's abilities submenu | 11 | |
| Give item / drop item | 4 | |
| Right click | 1479 | |
| Select / deselect | 440 | |
| Select group hotkey | 1073 | |
| Use ability | 176 | |
3547 total
» units
| Peasant | 32 | |
| Footman | 7 | |
| Dragonhawk Rider | 24 | |
| Gryphon Rider | 12 | |
75 total
» upgrades
| Masonry | 2 | |
| Swords | 5 | |
| Lumber Harvesting | 2 | |
| Armor | 3 | |
| Cloud | 1 | |
| Animal War Training | 1 | |
| Storm Hammers | 1 | |
15 total
» buildings
| Altar of Kings | 1 | |
| Barracks | 1 | |
| Farm | 8 | |
| Town Hall | 2 | |
| Arcane Vault | 1 | |
| Lumber Mill | 1 | |
| Scout Tower | 16 | |
| Keep | 1 | |
| Guard Tower | 23 | |
| Blacksmith | 1 | |
| Castle | 1 | |
| Gryphon Aviary | 3 | |
59 total
» build order
00:04 Altar of Kings
00:08 Barracks
00:14 Farm
00:57 Farm
02:04 Farm
03:51 Farm
03:55 Town Hall
04:10 Arcane Vault
05:37 Lumber Mill
05:55 Scout Tower
05:56 Scout Tower
06:25 Keep
06:43 Guard Tower
07:15 Blacksmith
07:43 Scout Tower
07:44 Scout Tower
08:30 Guard Tower
08:37 Guard Tower
09:28 Town Hall
09:33 Scout Tower
09:35 Scout Tower
09:38 Scout Tower
09:50 Scout Tower
09:52 Scout Tower
09:54 Scout Tower
09:59 Castle
10:06 Guard Tower
10:22 Guard Tower
10:22 Guard Tower
10:22 Guard Tower
10:25 Scout Tower
10:26 Scout Tower
10:28 Scout Tower
11:02 Guard Tower
11:02 Guard Tower
11:10 Guard Tower
11:10 Guard Tower
11:33 Guard Tower
11:34 Guard Tower
12:07 Gryphon Aviary
12:43 Gryphon Aviary
13:01 Gryphon Aviary
13:06 Scout Tower
13:07 Scout Tower
13:17 Scout Tower
14:07 Guard Tower
14:47 Guard Tower
14:47 Guard Tower
16:16 Farm
16:52 Farm
17:01 Farm
19:00 Farm
» items
| Scroll of Regeneration | 12 | |
| Scroll of Town Portal | 6 | |
| Lesser Clarity Potion | 2 | |
| Potion of Healing | 4 | |
| Potion of Mana | 1 | |
25 total
Chat log
(00:27 / Allies) Smile: chimes
(00:42 / Allies) Llathandas: they're chimaeras by the way, not scourge bone chimes
(00:54 / Allies) Smile: thanks
(00:58 / Allies) Llathandas: np
(01:09 / Allies) mymombeatsme: how long was i gone for?
(01:11 / Allies) twinkilla: bears
(01:15 / Allies) Llathandas: one minute maybe
(01:15 / Allies) Smile: not even a minute
(01:20 / Allies) mymombeatsme: i was taken a dump
(01:37 / Allies) mymombeatsme: ty red
(01:39 / Allies) Llathandas: np
(01:44 / Allies) mymombeatsme: ill do a fast start
(01:45 / Allies) Llathandas: 100 gold to start you faster since you were away
(04:33 / Allies) Llathandas: stop autofollowing please
(04:42 / Allies) mymombeatsme: ...
(05:42 / Allies) Smile: no no
(05:43 / Allies) Smile: that i mine
(05:49 / Allies) twinkilla: green
(05:50 / Allies) twinkilla: cancel that
(05:54 / Allies) mymombeatsme: wtf
(06:02 / Allies) Llathandas: help creep it if you want it faggot
(06:09 / Allies) Llathandas: cancel or he'll just kill it
(06:10 / Allies) twinkilla: he was building there green
(06:11 / Allies) twinkilla: cancel
(06:20 / Allies) Smile: i am going to kill it
(06:24 / Allies) mymombeatsme: yall faggs
(06:25 / Allies) Smile: thank you
(06:35 / Allies) Llathandas: he creeped it and took HP, it's his expo
(06:44 / Allies) Smile: and i was building the tree there
(06:54 / Allies) Smile: well before you placed the haunted mine
(07:00 / Allies) Llathandas: if you helped creep it and his expo wasn't already being built you might have a say
(07:02 / Allies) Smile: come take this one
(07:53 / Allies) Llathandas: kill spinners first
(07:54 / Allies) Smile: thanks
(07:55 / Allies) Llathandas: they are summoners
(07:57 / Allies) Llathandas: ty
(09:23 / Allies) Smile: who has AA?
(09:29 / Allies) Llathandas: I do
(11:38 / Allies) twinkilla: bacnk noobs
(11:47 / Allies) Llathandas: lol
(12:10 / Allies) twinkilla: red
(12:12 / Allies) twinkilla: u gonna get any units?
(12:13 / Allies) Llathandas: yeah?
(12:15 / Allies) Llathandas: if I had wood
(12:16 / Allies) Smile: tauren
(12:36 / Allies) Llathandas: wood please
(12:38 / Allies) twinkilla: i have no lumber
(12:43 / Allies) Smile: i need mine
(12:47 / Allies) Llathandas: thanks green
(12:47 / Allies) Smile: none
(12:49 / Allies) Smile: to give
(13:25 / Allies) Llathandas: gonna start pumping dhawks in 20 secs
(13:31 / Allies) Smile: okay
(13:33 / Allies) Smile: i have chimes
(13:45 / Allies) Smile: yellow has dryads
(13:46 / Allies) Smile: blah
(14:10 / Allies) mymombeatsme: hes got aa too
(14:21 / Allies) Smile: i can blow up their bases though
(15:12 / Allies) twinkilla: wanna hit?
(15:15 / Allies) Smile: yeah
(15:55 / Allies) Smile: they can own my chimes
(16:01 / Allies) twinkilla: why dont u have hips?
(16:04 / Allies) Llathandas: then make something else?
(16:36 / Allies) twinkilla: b noobs
(16:38 / Allies) Llathandas: make something else purple
(16:44 / Allies) twinkilla: im gonna hit
(16:46 / Allies) Smile: on food
(16:46 / Allies) twinkilla: hopefully one of them tps
(17:15 / Allies) Smile: i will focus heros
(18:24 / Allies) Smile: lets push
(18:51 / Allies) twinkilla: lets hit
(18:53 / Allies) twinkilla: i did some damage
(18:55 / Allies) twinkilla: took out an expo
(18:57 / Allies) twinkilla: and main base at pink
(19:02 / Allies) Llathandas: good
(19:25 / Allies) twinkilla: meet
(19:43 / Allies) twinkilla: lets go
(19:50 / Allies) twinkilla: stay together
(19:51 / Allies) twinkilla: we got this
(19:59 / Allies) twinkilla: bears are gonna roar
(20:01 / Allies) twinkilla: and eat ground
(20:08 / Allies) Smile: roar
(21:16 / Allies) twinkilla: lust owned us
(21:28 / Allies) Smile: that
(21:29 / Allies) Smile: an
(21:30 / Allies) Smile: d
(21:32 / Allies) Smile: healing wards
(21:32 / Allies) twinkilla: gold me
(21:38 / Allies) Llathandas: focus the healing wards they have 1 hp
(21:42 / Allies) Llathandas: i was only one attacking them
(21:47 / Allies) Smile: i couldn't see shit
(21:58 / Allies) Llathandas: true, it was a big clusterfuck
(22:19 / Allies) Smile: damn
(22:32 / Allies) twinkilla: i have no income right now
(22:47 / Allies) twinkilla: back
(22:48 / Allies) twinkilla: ourp
(22:49 / Allies) twinkilla: purp
(22:50 / Allies) twinkilla: back
(22:50 / Allies) twinkilla: back
(22:51 / Allies) twinkilla: back
(22:59 / Allies) twinkilla: purp
(23:02 / Allies) twinkilla: lost us the game
(23:37 / Allies) twinkilla: o
(23:39 / Allies) twinkilla: counter now lol
(23:55 / Allies) Llathandas: omw
(24:04 / Allies) twinkilla: come niggers
(24:20 / Allies) Smile: rdd
(24:22 / Allies) Smile: RED
(24:24 / Allies) Smile: share gold plz
(24:30 / Allies) Llathandas: I already gave you a ton
(24:32 / Allies) Llathandas: make an expo
(24:38 / Allies) Smile: you have 5k!
(25:02 / Allies) twinkilla: chims noob
(25:03 / Allies) twinkilla: wtf
(25:03 / Allies) Smile: I AM
(25:17 / Allies) Llathandas: blue you are 0-1, stop calling others noobs
(25:22 / All) twinkilla: rofl
(25:25 / Allies) twinkilla: 0-1 makes me noob
(25:29 / All) Llathandas: blue is 0-1 and is calling everyone a noob
(25:35 / Allies) twinkilla: please son
(25:46 / Allies) Smile: cloud
(26:25 / Allies) twinkilla: goo
(26:26 / Allies) twinkilla: take out main
(26:28 / Allies) twinkilla: so they can't tp
(26:51 / Allies) twinkilla: take out main
(26:52 / Allies) twinkilla: noob
(27:44 / Allies) Smile: red.
(27:49 / Allies) Smile: you have 5k gold
(27:50 / Allies) twinkilla: gold me
(27:50 / Allies) twinkilla: red
(27:51 / Allies) Smile: give me some plz
(27:51 / Allies) Llathandas: still not focusing the wards
(27:52 / Allies) twinkilla: gold me red
(27:57 / Allies) Smile: i was trying to bro
(27:58 / Allies) Llathandas: I'm not giving you any blue but green and purp can have some
(28:03 / Allies) twinkilla: rofl
(28:05 / Allies) twinkilla: why not me?
(28:11 / Allies) twinkilla: im the only good one
(28:16 / Allies) Llathandas: you're a 30 apm robot who thinks you're good
(28:23 / Allies) twinkilla: 30 apm?
(28:25 / Allies) twinkilla: wtf is that
(28:28 / Allies) Llathandas: haha
(28:41 / Allies) twinkilla: stop being noob red
(28:43 / Allies) twinkilla: do u want to win?
(28:45 / Allies) twinkilla: then give me gold
(28:51 / Allies) Llathandas: I don't care about winning or losing, not really
(29:02 / Allies) Smile: i killed
(29:04 / Allies) Smile: yellow's main
(29:06 / Allies) Smile: btw
(29:08 / Allies) Llathandas: good ty
(29:08 / Allies) twinkilla: then why play team game?
(29:13 / Allies) Llathandas: for fun
(29:34 / Allies) twinkilla: its over anyway
(29:38 / Allies) Smile: yeah
(29:44 / Allies) twinkilla: if red give me gold
(29:46 / Allies) twinkilla: i can pump bears
(30:22 / Allies) twinkilla: meet
(31:02 / Allies) mymombeatsme: ill sleep star fall
(31:08 / Allies) Smile: i have been entangling it
(31:11 / Allies) Smile: and i have heal
(31:12 / Allies) Smile: lvl 6
(31:17 / Allies) Llathandas: make sure to target wards
(31:22 / Allies) mymombeatsme: i almost have inferno
(31:23 / Allies) Llathandas: this is last battle I think
(31:27 / Allies) Smile: oh yeah
(31:32 / Allies) Smile: last battle for sure
(31:36 / Allies) twinkilla: red
(31:37 / Allies) twinkilla: back
(31:39 / Allies) twinkilla: back
(31:40 / Allies) twinkilla: back
(31:40 / Allies) twinkilla: back
(31:41 / Allies) twinkilla: back
(31:59 / Allies) Smile: nice job
(32:01 / Allies) Smile: really though
(32:02 / Allies) Smile: very nice
(32:04 / Allies) mymombeatsme: kinda good
(32:04 / Allies) Llathandas: thanks
(32:08 / Allies) mymombeatsme: they have no aa
(32:09 / Allies) Llathandas: not sure who came out ahead there
(32:13 / Allies) Smile: we did
(32:16 / Allies) Smile: now we have a chance
(32:17 / Allies) Smile: final push
(32:19 / Allies) Smile: all together
(32:23 / Allies) Smile: red i need gold
(32:24 / Allies) Llathandas: I only have 1k
(32:56 / All) Llathandas: gg
(33:34 / Allies) twinkilla: gold please
(33:35 / Allies) twinkilla: for expo
(33:42 / Allies) twinkilla: go hit guys
(33:42 / Allies) twinkilla: please
(33:45 / Allies) twinkilla: go hit now
(33:46 / Allies) twinkilla: u have to
(33:53 / Allies) mymombeatsme: purp hit
(34:14 / Allies) Smile: FFS
(34:16 / Allies) Smile: kill this dryad
(34:20 / Allies) mymombeatsme: i need 100 gold tgats it
(34:21 / Allies) Smile: RED
(34:25 / Allies) Smile: RED
(34:27 / Allies) Llathandas: magic immune
(34:28 / Allies) Smile: RED
(34:32 / Allies) twinkilla: not hero
(34:34 / Allies) twinkilla: hit with hero
(34:36 / Allies) Smile: oh my fucking shiot
(34:40 / Allies) Smile: you let that chime DIE
(34:45 / Allies) Llathandas: oh lol, didn't notice bm stuck behind your shit
(35:02 / All) GavinradTheDire: gg
(35:04 / All) Llathandas: gg
(35:06 / All) Llathandas: wp
(35:08 / All) Smile: gg
(35:24 / All) DontBeAPooHole: ugh
(35:25 / All) DontBeAPooHole: gg